 Dungeon Crawl Stone Soup version 0.22.1-6-g1668fe2c40 (webtiles) character file.

48184 Naingolan the Basher (level 14, -18/66 HPs)
             Began as a Vine Stalker Berserker on Jan 27, 2019.
             Was a High Priest of Trog.
             Demolished by Rupert
             ... wielding a +1 great sword of protection
              (36 damage)
             ... on level 12 of the Dungeon on Jan 28, 2019.
             The game lasted 05:37:48 (25372 turns).

Naingolan the Basher (Vine Stalker Berserker)      Turns: 25372, Time: 05:37:55

Health: -18/66     AC: 17    Str: 24    XL:     14   Next: 45%
Magic:  0/5        EV: 12    Int:  7    God:    Trog [*****.]
Gold:   1285       SH: 23    Dex: 18    Spells: 13/13 levels left

rFire    + + .     SeeInvis .   X - +3 war axe (antimagic)
rCold    x . .     Gourm    .   n - +3 large shield
rNeg     . . .     Faith    +   A - +1 fire dragon scales
rPois    .         Spirit   +   u - +0 helmet
rElec    .         Reflect  .   (no cloak)
rCorr    .         Harm     .   h - +1 pair of gloves {Dex+3}
MR       ++...     Rnd*Rage +   v - +0 pair of boots
Stlth    ..........             K - amulet of faith
HPRegen  1.01/turn              R - +4 ring of evasion
MPRegen  0.09/turn              N - ring of protection from magic

@: berserk cooldown, slowed, very slow
A: fangs 3, berserk 1, regeneration 2, wild magic 1, magic shield, antimagic
bite, no potion heal 3, rot immunity
a: Berserk, Trog's Hand, Brothers in Arms, Renounce Religion


You were on level 12 of the Dungeon.
You worshipped Trog.
Trog was extremely pleased with you.
You were not hungry.

You visited 5 branches of the dungeon, and saw 20 of its levels.
You also visited: Bailey.

You collected 1460 gold pieces.
You spent 175 gold pieces at shops.

Inventory:

Hand Weapons
 a - a +2 dagger of chaos
 j - a +2 hunting sling of flaming
 x - a +2 demon whip of pain
 E - a +2 short sword of venom
 H - a +2 short sword of speed
 M - a +2 demon blade of protection
 Q - a +3 falchion
 X - a +3 antimagic war axe (weapon)
Missiles
 g - 373 arrows
 i - 274 stones
 J - 15 sling bullets
 P - 5 javelins (quivered)
 W - 4 javelins of penetration
Armour
 d - a +2 pair of gloves of archery
 h - a +1 pair of gloves of dexterity (worn)
 n - a +3 large shield (worn)
 o - a +3 leather armour of fire resistance
 u - a +0 helmet (worn)
 v - a +0 pair of boots (worn)
 A - +1 fire dragon scales (worn)
Jewellery
 s - an uncursed ring of protection from fire
 B - an uncursed ring of protection from cold
 F - an uncursed ring of protection from magic
 K - an amulet of faith (around neck)
 N - a ring of protection from magic (right hand)
 R - a +4 ring of evasion (left hand)
 V - an uncursed ring of stealth {unknown}
 Y - an uncursed ring of protection from fire
 Z - an uncursed amulet of magic regeneration
Wands
 D - a wand of enslavement (5)
 G - a wand of paralysis (19)
 I - a wand of acid (12)
 L - a wand of iceblast (19)
 O - a wand of clouds (3)
 S - a wand of disintegration (8)
 T - a wand of flame (10)
Scrolls
 f - 5 scrolls of identify
 m - 3 scrolls of magic mapping
 p - 3 scrolls of teleportation
 q - 3 scrolls of fog
 y - 7 scrolls of remove curse
Potions
 b - a potion of ambrosia
 e - 6 potions of curing
 l - 4 potions of brilliance
 r - a potion of magic
 t - 3 potions of invisibility
 z - 4 potions of flight
 C - a potion of haste
 U - 2 potions of heal wounds
Miscellaneous
 k - a sack of spiders
 w - a lightning rod (4/4)
Comestibles
 c - 14 rations


   Skills:
 - Level 4.1 Fighting
 + Level 6.7(11.3) Axes
 - Level 13.8(14.4) Maces & Flails
 - Level 2.2 Throwing
 + Level 9.3 Armour
 - Level 2.0 Dodging
 - Level 1.2 Stealth
 - Level 12.6 Shields
 - Level 0.1 Unarmed Combat
 - Level 1.1 Evocations


You had 13 spell levels left.
You didn't know any spells.
Your spell library contained the following spells:

 Spells                   Type           Power        Failure   Level  Hunger
 Flame Tongue             Conj/Fire      #....        100%        1    ##.....
 Infusion                 Chrm           #...         100%        1    ##.....
 Summon Small Mammal      Summ           #...         100%        1    ##.....
 Blink                    Tloc           N/A          100%        2    ###....
 Call Imp                 Summ           #.......     100%        2    ###....
 Shroud of Golubria       Chrm/Tloc      #.........   100%        2    ###....
 Song of Slaying          Chrm           #.......     100%        2    ###....
 Throw Flame              Conj/Fire      #.....       100%        2    ###....
 Call Canine Familiar     Summ           #.......     100%        3    ####...
 Conjure Flame            Conj/Fire      #.......     100%        3    ####...
 Gell's Gravitas          Tloc           #.........   100%        3    ####...
 Inner Flame              Hex/Fire       #.......     100%        3    ####...
 Lesser Beckoning         Tloc           #.........   100%        3    ####...
 Regeneration             Chrm/Necr      #.........   100%        3    ####...
 Spectral Weapon          Hex/Chrm       #.......     100%        3    ####...
 Summon Guardian Golem    Hex/Summ       #.......     100%        3    ####...
 Teleport Other           Tloc           #.......     100%        3    ####...
 Passage of Golubria      Tloc           N/A          100%        4    #####..
 Sticky Flame             Conj/Fire      #.......     100%        4    #####..
 Summon Ice Beast         Ice/Summ       #.......     100%        4    #####..
 Summon Lightning Spire   Summ/Air       #.......     100%        4    #####..
 Fireball                 Conj/Fire      #.........   100%        5    ######.


Dungeon Overview and Level Annotations

Branches:
Dungeon (13/15)            Temple (0/1) D:5            Lair (3/6) D:8
 Shoals (1/4) Lair:2       Spider (0/4) Lair:2          Orc (2/2) D:10
    Elf (1/3) Orc:2
 Vaults: D:13-14

Altars:
Elyvilon
Fedhas
Nemelex Xobeh
Qazlal
Ru
Sif Muna
Trog
Vehumet
Xom
Yredelemnul
Beogh

Shops:
D:4 *!   D:5 *%   D:9 =   D:10 *   D:11 :   Orc:1 (   Orc:2 (:(!

Annotations:
D:10 Sonja
D:12 Rupert


Innate Abilities, Weirdness & Mutations

You have razor-sharp teeth.
You heal very quickly.
When hurt, damage is shared between your health and your magic reserves.
Your bite disrupts and absorbs the magic of your enemies.
Potions cannot restore your health.
You are immune to rotting.
You tend to lose your temper in combat.
Your spells are a little harder to cast, but a little more powerful.


Message History

You closely miss Rupert.
Rupert is almost dead.
Rupert hits you with a great sword of protection.
You hit Rupert.
Rupert's magic leaks into the air.
Your bite misses Rupert.
Rupert is almost dead.
You are no longer berserk.
You are exhausted.
You feel yourself slow down.
Rupert hits you with a great sword of protection!
You slash Rupert!
Rupert's magic leaks into the air.
Your bite misses Rupert.
Rupert is almost dead.
You block Rupert's attack.
You slash Rupert!
Rupert's magic leaks into the air.
You bite Rupert, but do no damage.
Rupert is almost dead.
Rupert hits you with a great sword of protection!
* * * LOW HITPOINT WARNING * * *
Rupert hits you with a great sword of protection!!!
Ouch! That really hurt!
You die...

### #...# ######
..#
#[.)#########[..##
#.#
#.[...............
#.#####
#.#.#########....#
#.....#
#.#............#.#
#####.#
#.##############.#
#.# #a# #..
##<##########@# ###
#.......[...†@#
####..############
......# #####
#####.#
##########...######
#.#
#..................
## #.#
#.########...######
.####.### #.# #####
.).<....#######.#
................#


You could see Rupert (berserk) and a worker ant.

Vanquished Creatures
  2 hydras
  Erolcha (D:12)
  13 two-headed ogres
  The ghost of Merkmirnix the Cleaver, a novice MiBe of Trog (D:9)
  5 skeletal warriors
  An unseen horror (D:10)
  2 deep trolls (Orc:2)
  2 fauns (Shoals:1)
  An ugly thing (D:12)
  3 orc knights
  A manticore (Lair:2)
  2 cyclopes (Orc:2)
  A guardian serpent (D:11)
  Psyche (D:10)
  2 black mambas (Lair:1)
  2 gargoyles (D:12)
  A kobold demonologist (D:12)
  6 spiny frogs
  3 komodo dragons
  13 trolls
  3 hornets
  7 hippogriffs
  12 blink frogs
  2 shadows
  A wyvern (D:8)
  A vampire (D:11)
  19 yaks
  A hungry ghost (D:12)
  A basilisk (Lair:3)
  Eustachio (D:6)
  3 vampire mosquitoes (D:13)
  A soldier ant (D:11)
  2 wargs
  An acid dragon (D:11)
  A swamp worm (Orc:2)
  5 water moccasins
  7 porcupines
  Duvessa (D:6)
  21 orc warriors
  3 sky beasts
  5 ice beasts
  A black bear (D:11)
  An eye of draining (D:12)
  3 phantoms
  5 wolves (Lair:3)
  23 ogres
  3 centaurs
  4 big kobolds
  7 crocodiles
  8 bullfrogs
  Dowan (D:6)
  3 scorpions
  19 killer bees
  9 wights
  An electric eel (Lair:3)
  3 centaur zombies
  5 howler monkeys
  3 crimson imps
  3 bullfrog zombies
  4 jellies
  23 orc priests
  2 hounds
  5 iguanas
  23 orc wizards
  Ijyb (D:3)
  5 worker ants
  7 gnolls (D:6)
  A howler monkey zombie (D:5)
  10 adders
  4 shadow imps
  2 oozes
  An adder skeleton (D:7)
  7 worms
  4 dart slugs
  6 leopard geckos
  103 orcs
  A ball python (D:7)
  7 giant cockroaches
  12 goblins
  9 hobgoblins
  12 jackals
  23 kobolds
  4 quokkas
  9 bats
  5 frilled lizards
  3 quokka skeletons
  A quokka zombie (D:6)
  18 rats
  4 fungi (Lair:1)
579 creatures vanquished.

Vanquished Creatures (collateral kills)
  An orc knight (Bailey)
  2 blink frogs (Lair:1)
  A big kobold (D:7)
  A jelly (D:7)
  4 kobolds (D:7)
9 creatures vanquished.

Vanquished Creatures (others)
  A sea snake (shapeshifter) (Orc:2)
  An orc warrior (Bailey)
  2 fungi
  4 plants
8 creatures vanquished.

Grand Total: 596 creatures vanquished

Notes
Turn   | Place    | Note
-------+----------+-------------------------------------------
     0 | D:1      | Naingolan the Vine Stalker Berserker began the quest for
                  | the Orb.
     0 | D:1      | Reached XP level 1. HP: 11/11 MP: 2/2
    80 | D:1      | Reached XP level 2. HP: 12/16 MP: 3/3
   701 | D:2      | Reached XP level 3. HP: 20/20 MP: 4/4
   728 | D:1      | Reached ** piety under Trog
  1372 | D:2      | Found a stormy altar of Qazlal.
  1504 | D:2      | Gained mutation: Your natural rate of healing is unusually
                  | fast. [Vine Stalker growth]
  1504 | D:2      | Reached XP level 4. HP: 24/24 MP: 5/5
  1829 | D:3      | Reached skill level 1 in Throwing
  2031 | D:3      | Reached *** piety under Trog
  2110 | D:3      | Noticed Ijyb
  2254 | D:3      | Killed Ijyb
  2254 | D:3      | Reached XP level 5. HP: 13/29 MP: 2/6
  2511 | D:3      | Reached skill level 1 in Shields
  3000 | D:4      | Noticed an ogre
  3009 | D:4      | Killed an ogre
  3009 | D:4      | Reached XP level 6. HP: 26/33 MP: 3/7
  3216 | D:4      | Found a sparkling altar of Nemelex Xobeh.
  3260 | D:4      | Found Ozap's Assorted Antiques.
  3365 | D:4      | Found Feekai's Distillery.
  3421 | D:4      | Found a sacrificial altar of Ru.
  3546 | D:4      | Reached skill level 1 in Maces & Flails
  3891 | D:4      | Reached skill level 2 in Maces & Flails
  3891 | D:4      | Reached skill level 1 in Stealth
  3987 | D:4      | Found a radiant altar of Vehumet.
  4038 | D:5      | Entered Level 5 of the Dungeon
  4166 | D:5      | Reached skill level 3 in Maces & Flails
  4166 | D:5      | Reached XP level 7. HP: 28/37 MP: 6/8
  4217 | D:5      | Found Odeaniu's Elemental Accessories.
  4444 | D:5      | Found a deep blue altar of Sif Muna.
  4444 | D:5      | Found a shimmering altar of Xom.
  4445 | D:5      | Found a basalt altar of Yredelemnul.
  4526 | D:5      | Found a blossoming altar of Fedhas.
  4605 | D:5      | Found Horuemeo's Food Emporium.
  4637 | D:5      | Reached **** piety under Trog
  4786 | D:5      | Found a staircase to the Ecumenical Temple.
  5429 | D:6      | Reached skill level 4 in Maces & Flails
  5603 | D:6      | Gained mutation: You have razor-sharp teeth. [Vine Stalker
                  | growth]
  5603 | D:6      | Reached XP level 8. HP: 35/42 MP: 9/9
  5646 | D:6      | Found a bloodstained altar of Trog.
  5728 | D:6      | Reached skill level 5 in Maces & Flails
  5943 | D:6      | Reached skill level 5 in Shields
  5953 | D:6      | Reached skill level 6 in Maces & Flails
  6079 | D:6      | Noticed Duvessa
  6084 | D:6      | Noticed Dowan
  6094 | D:6      | Killed Duvessa
  6096 | D:6      | Killed Dowan
  6202 | D:6      | Reached XP level 9. HP: 45/45 MP: 10/10
  6431 | D:6      | Reached skill level 7 in Maces & Flails
  6680 | D:6      | Noticed Eustachio
  6711 | D:6      | Killed Eustachio
  8169 | D:8      | Reached skill level 8 in Maces & Flails
  8181 | D:8      | Found a staircase to the Lair.
  8210 | D:8      | Found a white marble altar of Elyvilon.
  8231 | Lair:1   | Entered Level 1 of the Lair of Beasts
  8244 | Lair:1   | Noticed a black mamba
  8452 | D:8      | Reached XP level 10. HP: 49/49 MP: 11/11
  8641 | D:8      | Found a flagged portal.
  8649 | Bailey   | Entered a bailey
  8669 | Bailey   | Identified a scroll of acquirement
  8999 | Bailey   | Noticed an orc knight
  9733 | Bailey   | Noticed an orc knight
  9802 | Bailey   | Noticed an orc knight
 10122 | Bailey   | Killed an orc knight
 10122 | Bailey   | Reached skill level 1 in Evocations
 10681 | Bailey   | Killed an orc knight
 10711 | Bailey   | Killed an orc knight
 11503 | D:9      | Found a runed gate.
 11503 | D:9      | Found a runed gate.
 11503 | D:9      | Found a runed gate.
 11506 | D:9      | Noticed an 11-headed hydra
 11508 | D:9      | Noticed Merkmirnix's ghost (novice MiBe)
 11618 | Lair:1   | Noticed a spiny frog
 11631 | Lair:1   | Killed a spiny frog
 11681 | Lair:1   | Reached skill level 9 in Maces & Flails
 12197 | Lair:1   | Killed a black mamba
 12344 | Lair:1   | Reached XP level 11. HP: 53/53 MP: 12/12
 12444 | Lair:1   | Reached skill level 5 in Armour
 12549 | Lair:1   | Reached skill level 10 in Maces & Flails
 13277 | Lair:1   | Noticed a four-headed hydra
 13287 | Lair:1   | Killed a four-headed hydra
 13287 | Lair:1   | Reached skill level 11 in Maces & Flails
 13709 | Lair:2   | Found the +3 sling "Punk" {acid, rCorr}
 13716 | Lair:2   | Noticed a manticore
 14195 | Lair:2   | Killed a manticore
 14283 | Lair:2   | Found a staircase to the Shoals.
 14356 | Shoals:1 | Entered Level 1 of the Shoals
 14360 | Shoals:1 | Noticed a faun
 14379 | Shoals:1 | Killed a faun
 14396 | Shoals:1 | Noticed a faun
 14445 | Shoals:1 | Killed a faun
 14591 | Shoals:1 | Noticed a faun
 14591 | Shoals:1 | Noticed a faun
 14591 | Shoals:1 | Noticed a faun
 14749 | Lair:2   | Found a hole to the Spider Nest.
 15507 | D:9      | Found Qufat's Jewellery Shoppe.
 15518 | D:9      | Gained mutation: You heal very quickly. [Vine Stalker
                  | growth]
 15518 | D:9      | Reached XP level 12. HP: 58/58 MP: 11/13
 15837 | D:9      | Received a gift from Trog
 15839 | D:9      | Reached skill level 12 in Maces & Flails
 16768 | D:10     | Entered Level 10 of the Dungeon
 16830 | D:10     | Found Ciamn's Assorted Antiques.
 16839 | D:10     | Noticed a two-headed ogre
 16853 | D:10     | Killed a two-headed ogre
 16863 | D:10     | Bought a notched coral ring for 175 gold pieces
 17073 | D:10     | Noticed Sonja
 17261 | D:10     | Found a staircase to the Orcish Mines.
 17267 | Orc:1    | Entered Level 1 of the Orcish Mines
 17406 | D:10     | Noticed Psyche
 17413 | D:10     | Killed Psyche
 17453 | D:10     | Gained mutation: You tend to lose your temper in combat.
                  | [potion of mutation]
 17453 | D:10     | Gained mutation: Your spells are a little harder to cast,
                  | but a little more powerful. [potion of mutation]
 18009 | D:10     | Found a roughly hewn altar of Beogh.
 18303 | D:11     | Noticed a two-headed ogre
 18311 | D:11     | Killed a two-headed ogre
 18368 | D:11     | Reached ***** piety under Trog
 18368 | D:11     | Received a gift from Trog
 18489 | D:11     | Reached skill level 13 in Maces & Flails
 18755 | D:11     | Noticed a two-headed ogre
 18762 | D:11     | Killed a two-headed ogre
 19039 | D:11     | Found Zilenkik's Book Shop.
 19307 | Orc:1    | Received a gift from Trog
 19318 | Orc:1    | Found Xinocipt's Weapon Shop.
 19844 | Orc:2    | Entered Level 2 of the Orcish Mines
 19844 | Orc:2    | Found a radiant altar of Vehumet.
 19974 | Orc:1    | Received a gift from Trog
 20423 | Orc:2    | Reached XP level 13. HP: 51/61 MP: 14/14
 20533 | Orc:2    | Reached skill level 10 in Shields
 21104 | Orc:2    | Noticed an ogre mage
 21120 | Orc:2    | an ogre mage changed into a swamp worm
 21348 | Orc:2    | Found Vonyuthi's Weapon Boutique.
 21350 | Orc:2    | Found Onauj's Distillery.
 21357 | Orc:2    | Found Qucy's Book Emporium.
 21362 | Orc:2    | Found Roroiff's Weapon Shop.
 21507 | Orc:2    | Found a staircase to the Elven Halls.
 21865 | Elf:1    | Entered Level 1 of the Elven Halls
 23159 | Lair:3   | Received a gift from Trog
 23558 | D:9      | Killed Merkmirnix's ghost
 23558 | D:9      | Reached XP level 14. HP: 66/66 MP: 15/15
 24234 | D:12     | Reached skill level 5 in Axes
 24918 | D:12     | Noticed Erolcha
 24926 | D:12     | Killed Erolcha
 24926 | D:12     | Received a gift from Trog
 25306 | D:13     | Noticed Rupert
 25372 | D:12     | Demolished by Rupert

Skill      XL: |  1  2  3  4  5  6  7  8  9 10 11 12 13 14 |
---------------+-------------------------------------------+-----
Axes           | 3 6 |  6.7
Fighting       | 3 4 |  4.1
Dodging        | 2 |  2.0
Armour         | 2 4 6 8 9 |  9.3
Throwing       | 1 2 |  2.2
Shields        | 2 3 5 6 9 12 | 12.6
Maces & Flails | 3 4 6 8 9 11 13 | 13.8
Stealth        | 1 |  1.2
Evocations     | 1 |  1.1
Unarmed Combat | |  0.1

Action                   |  1- 3 |  4- 6 |  7- 9 | 10-12 | 13-15 || total
-------------------------+-------+-------+-------+-------+-------++-------
Melee: Hand axe          |    99 |    60 |       |       |       ||   159
       Bite              |    31 |    81 |   193 |   235 |   270 ||   810
       Unarmed           |       |    60 |       |       |       ||    60
       Club              |       |    86 |   520 |    43 |       ||   649
       Demon whip        |       |       |       |   608 |   198 ||   806
       Dagger            |       |       |       |       |   146 ||   146
       War axe           |       |       |       |       |   249 ||   249
Throw: Stone             |    12 |   133 |    48 |   669 |    15 ||   877
       Tomahawk          |       |       |    40 |    15 |       ||    55
       Throwing net      |       |       |       |     2 |       ||     2
       Javelin           |       |       |       |    16 |    30 ||    46
Invok: Berserk           |     2 |     4 |    12 |    44 |    26 ||    88
       Trog's Hand       |       |       |    11 |    16 |     3 ||    30
       Brothers in Arms  |       |       |     1 |       |     1 ||     2
Evoke: Wand              |       |       |       |    43 |    17 ||    60
       Lightning rod     |       |       |       |     1 |       ||     1
  Use: Potion            |     9 |       |       |     3 |     2 ||    14
       Scroll            |     4 |     2 |     8 |    10 |     4 ||    28
 Stab: Distracted        |       |       |     1 |       |       ||     1
  Eat: Ration            |     1 |       |     3 |    10 |     6 ||    20
       Chunk             |       |    13 |    20 |    50 |    23 ||   106
Armor: Skin              |     5 |     6 |       |       |       ||    11
       Animal skin       |     1 |       |       |       |       ||     1
       Ring mail         |    27 |    65 |    93 |       |       ||   185
       Plate armour      |       |       |    65 |   118 |       ||   183
       Chain mail        |       |       |       |    37 |       ||    37
       Fire dragon scale |       |       |       |    64 |   122 ||   186
Dodge: Dodged            |    72 |    95 |    87 |   129 |   140 ||   523
Block: Large shield      |       |    97 |   459 |   906 |   647 ||  2109
